AoeStats
← sales96

Arena

510664972Analyzed
2v2 RM · 2d ago on Oct 2, 2026· 16m 51s· 4 players
Game mode
Random Map
Map size
Medium (4 player)
Population
200
Speed
Normal
Resources
Standard
Victory
Conquest
Starting age
Dark Age
Ending age
Imperial Age
RankedLock teamsTeams togetherTeam positionsShared explorationLock speedFull tech treeHidden civsTurbo modeCheats
Victory
Defeat
🇦🇷 Koreans · Argentina
1538
+11
🇦🇷 Cumans · Argentina
1436
+15
🇧🇷 Muisca · Brazil
1419
-13
🇧🇷 Malians · Brazil
1415
-13
[Massa] Edo
10:18 Feudal Age
14:40 Castle Age
13:04 Double-Bit Axe
13:24 Horse Collar
tg
9:14 Loom
11:00 Feudal Age
12:08 Double-Bit Axe
12:32 Horse Collar
14:53 Castle Age
luch0_ta
7:19 Loom
9:30 Feudal Age
10:44 Double-Bit Axe
19:16 Castle Age
sales96
10:20 Feudal Age
11:04 Feudal Age
15:22 Castle Age
14:17 Loom
Connection lost

Rejoining the realm…

Still unreachable

The connection could not be restored.

Session expired

The server has moved on; the page needs a fresh start.